 Dungeon Crawl Stone Soup version 0.30-a0-737-gf23d94013f (webtiles) character file.

Game seed: 12839511834806111136

172 hikkokomori the Slasher (level 5, -2/33 HPs)
             Began as a Gargoyle Gladiator on Feb 2, 2023.
             Slain by a wyvern (14 damage)
             ... on level 4 of the Dungeon.
             The game lasted 00:03:48 (3070 turns).

hikkokomori the Slasher (Gargoyle Gladiator)        Turns: 3070, Time: 00:03:48

Health: -2/33      AC: 11    Str: 17    XL:     5   Next: 53%
Magic:  14/14      EV: 10    Int: 12    God:
Gold:   175        SH:  0    Dex: 13    Spells: 3/4 levels left

rFire   . . .      SeeInvis .    s - +5 quarterstaff of Ishruv {freeze, Will++ Int+3}
rCold   . . .      Faith    .    (shield currently unavailable)
rNeg    + . .      Spirit   .    k - +0 scale mail
rPois   ∞          Reflect  .    c - +0 helmet
rElec   +          Harm     .    (no cloak)
rCorr   .          Rampage  .    (no gloves)
Will    ++...                    (no boots) Stlth
                                 (no amulet)
HPRegen 0.25/turn                r - ring of magical power
MPRegen 0.14/turn                (no ring)

@: no status effects
A: sickness immunity, AC +4, negative energy resistance 1, electricity
resistance, torment resistance 1, petrification resistance
a: no special abilities


You were on level 4 of the Dungeon.
You visited 1 branch of the dungeon, and saw 4 of its levels.

You collected 175 gold pieces.

Inventory:

Hand Weapons
 a - a +0 long sword
 s - the +5 quarterstaff of Ishruv (weapon) {freeze, Will++ Int+3}
   (You found it on level 4 of the Dungeon)

   Int:       It affects your intelligence (+3).
   Will:      It greatly increases your willpower.
Missiles
 d - 4 throwing nets (quivered)
 e - a javelin
Armour
 b - a +0 leather armour
 c - a +0 helmet (worn)
 k - a +0 scale mail (worn)
 u - a +0 pair of gloves
Jewellery
 r - a ring of magical power (left hand)
Scrolls
 j - a scroll of identify {unknown}
 l - a scroll of vulnerability {unknown}
 o - 3 scrolls of immolation {unknown}
 p - a scroll of blinking {unknown}
 t - a scroll of silence {unknown}
 v - a scroll of fear {unknown}
Potions
 f - a potion of ambrosia {unknown}
 g - 2 potions of might {unknown}
 h - 3 potions of degeneration {unknown}
 i - 3 potions of curing {unknown}
 m - a potion of invisibility {unknown}
 n - a potion of brilliance {unknown}
 q - a potion of lignification {unknown}


   Skills:
 + Level 3.8 Fighting
 - Level 3.8 Long Blades
 - Level 2.0 Throwing
 - Level 3.4 Dodging
 + Level 0.3 Stealth
 + Level 0.0 Summonings


You had 3 spell levels left.
You knew the following spells:

 Your Spells              Type           Power      Damage    Failure   Level
a - Summon Small Mammal   Summ           0%         N/A       77%         1

Your spell library contained the following spells:

 Spells                   Type           Power      Damage    Failure   Level
 Blink                    Tloc           0%         N/A       88%         2
 Lesser Beckoning         Tloc           0%         N/A       88%         2
 Momentum Strike          Conj/Tloc      0%         3d8       88%         2
 Call Canine Familiar     Summ           0%         N/A       98%         3
 Summon Guardian Golem    Hex/Summ       0%         N/A       98%         3
 Alistair's Intoxication  Tmut/Pois      0%         N/A       100%        5
 Borgnjor's Vile Clutch   Necr/Erth      0%         N/A       100%        5
 Eringya's Noxious Bog    Tmut/Pois      0%         N/A       100%        6


Dungeon Overview and Level Annotations

Branches:
Dungeon (4/15)
 Temple: D:4-7

Altars:
Elyvilon
Xom

Shops:
D:1 !


Innate Abilities, Weirdness & Mutations

You are immune to sickness and miasma.
Your stone body is resilient. (AC +4)
You are immune to poison.
You resist negative energy. (rN+)
You are resistant to electric shocks. (rElec)
You are resistant to unholy torment.
You are immune to petrification.


Message History

No target in view!
No target in view!
No target in view!
No target in view!
A wyvern comes into view.
Found a stone staircase leading down.
The wyvern hisses angrily.
You see here a +0 dagger.
A wyvern is nearby!
A wyvern is nearby!
A hobgoblin comes into view.
Found 16 gold pieces.
The hobgoblin shouts!
The wyvern closely misses you.
You closely miss the wyvern. The wyvern closely misses you.
The hobgoblin hits you. The wyvern bites you.
You thump the wyvern! You freeze the wyvern.
The wyvern is heavily wounded.
The wyvern closely misses you.
The hobgoblin hits you but does no damage.
The wyvern bites you! The hobgoblin hits you.
You are too injured to fight recklessly!
You are too injured to fight recklessly!
You are too injured to fight recklessly!
You are too injured to fight recklessly!
You are too injured to fight recklessly!
You are too injured to fight recklessly!
You are too injured to fight recklessly!
You are too injured to fight recklessly!
You are too injured to fight recklessly!
You are too injured to fight recklessly!
You are too injured to fight recklessly!
You are too injured to fight recklessly!
You are too injured to fight recklessly!
You are too injured to fight recklessly!
You are too injured to fight recklessly!
You hit the wyvern but do no damage.
The wyvern is heavily wounded.
The wyvern bites you!
You die...

.......<....####....##########.
............#..#....+ #.
............#.. ....# #.
.....>......#.##....## #.
####....##'##.#......# ##
#....#.....#......# #.
#....#.....')...[.# #.
#....##+####......# #.
#.......$.g@......# #. #..
......l.......# #.
.....>........# ##
................ #
................
.###+##......... #......... #
#........ . .


You could see a wyvern and a hobgoblin.

Vanquished Creatures
  An orc priest (D:3)
  6 adders
  3 worms
  3 dart slugs
  4 orcs
  4 endoplasms
  3 giant cockroaches (D:1)
  8 goblins
  3 hobgoblins
  3 jackals (D:2)
  2 quokkas
  5 ball pythons
  9 bats
  5 frilled lizards
  8 kobolds
  7 rats
74 creatures vanquished.

Notes
Turn   | Place    | Note
-------+----------+-------------------------------------------
     0 | D:1      | hikkokomori the Gargoyle Gladiator began the quest for the
                  | Orb.
     0 | D:1      | Reached XP level 1. HP: 12/12 MP: 1/1
   113 | D:1      | Reached XP level 2. HP: 18/18 MP: 2/2
   179 | D:1      | Found Oschehu's Distillery.
   413 | D:1      | Reached XP level 3. HP: 22/22 MP: 3/3
   847 | D:2      | Reached XP level 4. HP: 24/28 MP: 4/4
  1819 | D:3      | Reached XP level 5. HP: 29/32 MP: 5/5
  2330 | D:3      | Found a shimmering altar of Xom.
  2359 | D:3      | Found a white marble altar of Elyvilon.
  2809 | D:3      | Learned a level 1 spell: Summon Small Mammal
  2950 | D:4      | Identified the +5 quarterstaff of Ishruv {freeze, Will++
                  | Int+3}
  3065 | D:4      | Noticed a wyvern
  3070 | D:4      | Slain by a wyvern

Illustrated notes

Levels and vault maps discovered:
D:1:      lightli_arrival_chessboard, layout_rooms, serial_shops,
          nicolae_shop_hallway_stairs
D:2:      layout_loops_corners, minmay_misc_feat_five, grunt_decor_junction
D:3:      layout_basic, mainiacjoe_overflow_catwalk_spiral,
          serial_co_window_serial, co_window_paths_a, co_window_paths_b,
          co_window_paths_b, co_window_paths_a, co_window_paths_a,
          co_window_paths_c, co_window_cross_3, co_window_corner_b,
          co_window_corner_b, glass_columns_a, glass_columns_c, glass_columns_b,
          glass_columns_a, roderic_roman_lattice,
          minmay_randomly_rotated_circles
D:4:      layout_gridville, mrwooster_statue_mirror, uniq_robin

Skill      XL: |  1  2  3 |
---------------+----------+-----
Throwing       | 2 |  2.0
Long Blades    | 3 |  3.8
Fighting       | 3 |  3.8
Dodging        | 3 |  3.4
Stealth        | |  0.3

Action                     |  1- 3 |  4- 6 || total
---------------------------+-------+-------++-------
  Melee: Long sword        |    98 |   164 ||   262
         Punch             |     1 |       ||     1
         Quarterstaff      |       |     6 ||     6
 Armour: Leather armour    |    34 |       ||    34
         Scale mail        |    40 |   110 ||   150
  Dodge: Dodged            |    76 |   125 ||   201

Table legend: (Time is in decaauts)
 A = Elapsed time spent in this place.
 B = Non-inter-level travel time spent in this place.
 C = Inter-level travel time spent in this place.
 D = Time resting spent in this place.
 E = Time spent auto-exploring this place.
 F = Levels seen in this place.
 G = Mean time per level.
                   A        B        C        D        E       F      G
               +--------+--------+--------+--------+--------+-----+--------+
         Total |   3130 |   3037 |     93 |      0 |   2418 |   4 |  782.5 |
       Dungeon |   3130 |   3037 |     93 |      0 |   2418 |   4 |  782.5 |
               +--------+--------+--------+--------+--------+-----+--------+

Top non-repeatable levels by time:
     D:3: 1423 daAuts
     D:2: 1008 daAuts
     D:1: 568 daAuts
     D:4: 131 daAuts
